% Time on Ice - REGINA FALCONS
Lines # - Real PCT - Wanted PCT - Time Play
Normal Forward
1 - 25% - 36% - 12:23
2 - 30% - 31% - 14:42
3 - 33% - 23% - 16:14
4 - 13% - 10% - 6:30
Normal Defense
1 - 33% - 36% - 16:36
2 - 34% - 31% - 16:57
3 - 31% - 23% - 15:13
4 - 2% - 10% - 1:03
PP Forward
1 - 67% - 55% - 2:39
2 - 33% - 45% - 1:19
PP Defense
1 - 67% - 55% - 2:39
2 - 33% - 45% - 1:19
PK Forward
1 - 62% - 55% - 2:37
2 - 38% - 45% - 1:37
PK Defense
1 - 56% - 55% - 2:21
2 - 44% - 45% - 1:53
PK3 Forward
1 - 0% - 55%
2 - 0% - 45%
PK3 Defense
1 - 0% - 55%
2 - 0% - 45%
44 Forward
1 - 51% - 55% - 1:01
2 - 49% - 45% - 0:58
44 Defense
1 - 12% - 55% - 0:14
2 - 88% - 45% - 1:45
Last Minute Offensive  - 0:00
Last Minute Defensive  - 0:00
Total
Forward - 60:00
Defense - 60:00
% Time on Ice - ANCHORAGE ACES
Lines # - Real PCT - Wanted PCT - Time Play
Normal Forward
1 - 31% - 34% - 15:41
2 - 30% - 32% - 14:55
3 - 21% - 22% - 10:41
4 - 17% - 12% - 8:32
Normal Defense
1 - 34% - 36% - 16:54
2 - 33% - 34% - 16:15
3 - 29% - 22% - 14:18
4 - 5% - 8% - 2:22
PP Forward
1 - 47% - 50% - 1:59
2 - 53% - 50% - 2:15
PP Defense
1 - 48% - 50% - 2:03
2 - 52% - 50% - 2:11
PK Forward
1 - 47% - 50% - 1:52
2 - 53% - 50% - 2:06
PK Defense
1 - 65% - 50% - 2:35
2 - 35% - 50% - 1:23
PK3 Forward
1 - 0% - 55%
2 - 0% - 45%
PK3 Defense
1 - 0% - 55%
2 - 0% - 45%
44 Forward
1 - 41% - 50% - 0:49
2 - 59% - 50% - 1:10
44 Defense
1 - 71% - 55% - 1:24
2 - 29% - 45% - 0:35
Last Minute Offensive  - 0:00
Last Minute Defensive  - 0:00
Total
Forward - 60:00
Defense - 60:00
Play-by-Play 1st period 0:01 of 1st period - Connor McDavid wins face-off versus Yegor Sharangovich in neutral zone. 2:07 of 1st period - Conor Sheary is hit by Nikita Zadorov and loses puck. 2:14 of 1st period - Shot by Joshua Norris. 2:14 of 1st period - Stopped by Chris Driedger without a rebound. 2:15 of 1st period - Chris Tierney wins face-off versus Carter Rowney in REGINA FALCONS zone. 2:36 of 1st period - Off-side. 2:37 of 1st period - Peter Abbandonato wins face-off versus Connor McDavid in neutral zone. 2:40 of 1st period - Shot by Aaron Ekblad. 2:40 of 1st period - Shot Misses the Net. 2:57 of 1st period - Shot by Connor McDavid. 2:57 of 1st period - Stopped by Chris Driedger without a rebound. 2:58 of 1st period - Chris Tierney wins face-off versus Joshua Norris in REGINA FALCONS zone. 3:07 of 1st period - Shot by Ryan Lomberg. 3:07 of 1st period - Shot Misses the Net. 3:31 of 1st period - Shot by Conor Sheary. 3:31 of 1st period - Deflect By Joshua Norris. 3:31 of 1st period - Shot Misses the Net. 3:33 of 1st period - Shot by Ryan Lomberg. 3:33 of 1st period - Shot Blocked by Ben Harpur. 3:47 of 1st period - Eduards Tralmaks is hit by Ryan Lomberg and loses puck. 4:11 of 1st period - Icing by Ben Harpur. 4:12 of 1st period - Carter Rowney wins face-off versus Chris Tierney in REGINA FALCONS zone. 4:39 of 1st period - Shot by Loui Eriksson. 4:39 of 1st period - Deflect By Andrew Ladd. 4:39 of 1st period - Shot Misses the Net. 4:41 of 1st period - Shot by John Klingberg. 4:41 of 1st period - Stopped by Chris Driedger without a rebound. 4:42 of 1st period - Yegor Sharangovich wins face-off versus Jonathan Audy-Marchessault in REGINA FALCONS zone. 4:42 of 1st period - Yegor Sharangovich is hit by Jonathan Audy-Marchessault. 5:01 of 1st period - Yegor Sharangovich is hit by Alex Goligoski and loses puck. 5:09 of 1st period - David Pastrnak is hit by Alex Goligoski and loses puck. 5:41 of 1st period - Icing by Nicolas Hague. 5:42 of 1st period - Tyler Bozak wins face-off versus Connor McDavid in REGINA FALCONS zone. 6:22 of 1st period - Off-side. 6:23 of 1st period - Ryan Lomberg wins face-off versus Peter Abbandonato in neutral zone. 6:52 of 1st period - Shot by Ryan Lomberg. 6:52 of 1st period - Stopped by Chris Driedger without a rebound. 6:53 of 1st period - Phillip Danault wins face-off versus Yegor Sharangovich in REGINA FALCONS zone. 7:01 of 1st period - David Pastrnak is hit by Seth Jones and loses puck. 7:10 of 1st period - Phillip Danault is hit by Jason Dickinson. 7:13 of 1st period - Off-side. 7:14 of 1st period - Connor McDavid wins face-off versus Chris Tierney in neutral zone. 7:33 of 1st period - Shot by Nikolaj Ehlers. 7:33 of 1st period - Shot Misses th